 Dungeon Crawl Stone Soup version 0.32-a0-899-geb5ba95c15 (webtiles) character file.

Game seed: 3049010081352482838

1300 Gladio the Carver (level 8, 0/64 HPs)
             Began as a Coglin Gladiator on Apr 5, 2024.
             Was a Believer of Okawaru.
             Slain by an orange demon (5 damage)
             ... on level 2 of the Abyss.
             The game lasted 00:07:55 (4214 turns).

Gladio the Carver (Coglin Gladiator)                Turns: 4214, Time: 00:07:56

Health: 0/64       AC:  9    Str: 15    XL:     8   Next: 57%
Magic:  6/8        EV: 19    Int:  8    God:    Okawaru [**....]
Gold:   193        SH:  0    Dex: 17    Spells: 7/7 levels left

rFire   + + .        w - melded +2 short sword (elec) {Gabriela}
rCold   + + .        i - melded +2 dagger (venom) {Seoyun}
rNeg    + + +        D - melded +3 ring mail {rC+}
rPois   ∞            n - melded +2 helmet
rElec   +            (cloak currently unavailable)
rCorr   +            (gloves currently unavailable)
SInv    .            (boots currently unavailable)
Will    .....        (amulet currently unavailable)
Stlth   ++           (ring currently unavailable)
HPRegen 0.30/turn    (ring currently unavailable)
MPRegen 0.11/turn    (no gizmo)

%: no passive effects
@: wisp-form, flying
A: insubstantial, flying, no casting, tiny, (off-hand wielding), (slow
wielding), (warmup strikes), (no jewellery)
a: Invent Gizmo, Renounce Religion, Heroism


You were on level 2 of the Abyss.
You worshipped Okawaru.
Okawaru was pleased with you.
You were an insubstantial wisp.
You visited 2 branches of the dungeon, and saw 6 of its levels.
You visited the Abyss 1 time.

You collected 193 gold pieces.

Inventory:

Hand Weapons
 a - a +0 long sword {Consuela}
 f - a +0 dagger {Santos}
 i - a +2 dagger of venom (melded) {Seoyun}
 w - a +2 short sword of electrocution (melded) {Gabriela}
Missiles
 d - 4 throwing nets
 e - a javelin
 q - 6 poisoned darts (quivered)
Armour
 b - a +0 leather armour
 c - a +0 helmet
 n - a +2 helmet (melded)
 o - a +0 ring mail
 D - a +3 ring mail of cold resistance (melded)
Wands
 B - a wand of warping (7)
Scrolls
 j - a scroll of poison {unknown}
 m - a scroll of noise
 p - a scroll of enchant armour {unknown}
 r - a scroll of revelation {unknown}
 A - a scroll of immolation {unknown}
 C - a scroll of enchant weapon {unknown}
Potions
 g - 4 potions of brilliance
 h - a potion of heal wounds {unknown}
 k - a potion of haste {unknown}
 l - a potion of berserk rage
 s - 4 potions of enlightenment
 t - a potion of lignification {unknown}
 u - 2 potions of attraction
 v - a potion of cancellation {unknown}
 x - a potion of curing {unknown}
 z - a potion of invisibility {unknown}


   Skills:
 + Level 6.1 Fighting
 * Level 8.8 Long Blades
 - Level 1.7 Throwing
 - Level 2.6 Dodging


You had 7 spell levels left.
You didn't know any spells.
Your spell library contained the following spells:

 Spells                   Type           Power      Damage    Failure   Level
 Eringya's Noxious Bog    Alch           0%         4d6       100%        6
 Summon Forest            Summ/Tloc      Unusable   N/A       N/A         5
 Summon Hydra             Summ           Unusable   N/A       N/A         7

Dungeon Overview and Level Annotations

Branches:
Dungeon (5/15)             Temple (1/1) D:5

Altars:
Ashenzari
Cheibriados
Dithmenos
Elyvilon
Fedhas
Hepliaklqana
Kikubaaqudgha
Nemelex Xobeh
Okawaru
Qazlal
Ru
Sif Muna
Trog
Uskayaw
Vehumet
Wu Jian
Xom
Yredelemnul
Zin
The Shining One

Annotations:
Temple 2 transporters


Innate Abilities, Weirdness & Mutations

You are an insubstantial wisp.
Your tiny insubstantial body is highly resistant to most damage types.
You are flying.
Your equipment is entirely melded.
You are incapable of wielding weapons or throwing items.
You cannot cast spells.
((You can wield a second weapon in your off-hand.))
((It takes a long time for you to wield or remove held weapons.))
((Your first few attacks do less damage.))
((You cannot equip rings or amulets.))


Message History

You resist.
An orange demon comes into view.
The orange demon screeches!
The raiju bursts into living lightning!
The living lightning misses you.
The raiju blinks!
The raiju bursts into living lightning!
The living lightning misses you.
The raiju blinks! x2
The raiju bursts into living lightning!
The living lightning misses you.
The raiju blinks!
A small abomination comes into view.
The raiju closely misses you. The raiju attacks as it pursues you!
The raiju bites you. The raiju shocks you. You resist.
An iron imp comes into view.
The iron imp shouts!
The raiju attacks as it pursues you! The raiju bites you.
* * * LOW HITPOINT WARNING * * *
The raiju shocks you. You resist.
* * * LOW HITPOINT WARNING * * *
The raiju completely misses you.
The small abomination attacks as it pursues you!
The small abomination hits you but does no damage.
The raiju bursts into living lightning!
The living lightning misses you.
The living lightning hits the iron imp!
The iron imp resists.
The raiju blinks!
You touch the iron imp.
The iron imp is heavily wounded.
The small abomination misses you.
The small abomination hits you but does no damage.
A queen bee comes into view.
The small abomination hits you!
* * * LOW HITPOINT WARNING * * *
The small abomination barely misses you.
The queen bee buzzes angrily.
The orange demon misses you. The orange demon barely misses you.
The small abomination completely misses you.
You touch the orange demon.
The orange demon is lightly wounded.
The orange demon stings you.
You die...

. #. #.# #
....# #.#.
.. ##.
#5###.#
#h#..#
###vx.#
##.##4.# #
#.....#..# #
###4##.##..#
#.###.....#
.........#
#...##.###.
..#...#
#......## .#


You could see an orange demon, a raiju, a small abomination and an iron imp.

Vanquished Creatures
  A wyvern (D:4)
  A black bear (D:5)
  A centaur (D:5)
  A phantom (D:4)
  3 scorpions (D:4)
  A centaur zombie (D:4)
  2 bullfrog zombies (D:4)
  2 hounds (D:4)
  2 orc priests
  3 bombardier beetles
  A bullfrog skeleton (D:4)
  2 iguanas
  3 orc wizards
  Natasha (D:3)
  2 hound zombies (D:4)
  2 gnolls
  7 adders
  A white imp (D:5)
  2 adder skeletons (D:4)
  3 adder zombies (D:4)
  A dart slug (D:2)
  2 ribbon worms
  9 orcs
  12 ball pythons
  4 bats
  7 endoplasms
  6 giant cockroaches
  12 goblins
  8 hobgoblins
  2 quokkas (D:3)
  4 frilled lizards
  5 kobolds
  A quokka skeleton (D:4)
  7 rats
121 creatures vanquished.

Notes
Turn   | Place    | Note
-------+----------+-------------------------------------------
     0 | D:1      | Gladio the Coglin Gladiator began the quest for the Orb.
     0 | D:1      | Reached XP level 1. HP: 16/16 MP: 1/1
   210 | D:1      | Reached XP level 2. HP: 22/22 MP: 2/2
   348 | D:1      | Reached XP level 3. HP: 18/28 MP: 3/3
   763 | D:2      | Reached skill level 4 in Long Blades
   840 | D:2      | Found a faded altar of an unknown god.
   955 | D:2      | Reached XP level 4. HP: 34/34 MP: 4/4
  1607 | D:3      | Noticed Natasha
  1615 | D:3      | Killed Natasha
  1702 | D:3      | Found an ancient bone altar of Kikubaaqudgha.
  1702 | D:3      | Found an ornate altar of the Wu Jian Council.
  1706 | D:3      | Found an iron altar of Okawaru.
  1751 | D:3      | Became a worshipper of Warmaster Okawaru
  1764 | D:3      | Reached skill level 5 in Long Blades
  1764 | D:3      | Reached XP level 5. HP: 41/41 MP: 5/5
  2508 | D:4      | Reached XP level 6. HP: 48/48 MP: 6/6
  2613 | D:4      | Reached skill level 6 in Long Blades
  2684 | D:4      | Noticed a wyvern
  2692 | D:4      | Killed a wyvern
  2693 | D:4      | Reached XP level 7. HP: 45/55 MP: 7/7
  3096 | D:4      | Reached skill level 7 in Long Blades
  3423 | D:5      | Entered Level 5 of the Dungeon
  3431 | D:5      | Reached skill level 5 in Fighting
  3475 | D:5      | Reached * piety under Okawaru
  3524 | D:5      | Found a staircase to the Ecumenical Temple.
  3578 | Temple   | Found a transporter.
  3578 | Temple   | Found a transporter.
  3578 | Temple   | Found a transporter.
  3578 | Temple   | Found a transporter.
  3578 | Temple   | Entered the Ecumenical Temple
  3634 | D:5      | Reached XP level 8. HP: 26/63 MP: 8/8
  3802 | D:4      | Reached skill level 8 in Long Blades
  3999 | D:4      | Reached ** piety under Okawaru
  4125 | Abyss:2  | Cast into level 2 of the Abyss (gnoll)
  4148 | Abyss:2  | Noticed a green very ugly thing
  4173 | Abyss:2  | Noticed a raiju
  4201 | Abyss:2  | Noticed an orange demon
  4211 | Abyss:2  | Noticed a queen bee
  4214 | Abyss:2  | Slain by an orange demon

Illustrated notes

Levels and vault maps discovered:
D:1:      psy_arrival_basics, layout_loops_ring, minmay_worlds_worst_comb
D:2:      layout_basic, basic_ecumenical_altar
D:3:      layout_basic, chequers_temple_overflow_statue_of_worship, minivault_5,
          nrook_loot_triangle, uniq_natasha
D:4:      layout_basic, serial_undead, serial_undead_b, serial_undead_e,
          serial_undead_e, serial_undead_e, serial_undead_a, serial_undead_a,
          serial_undead_c, serial_undead_b, hangedman_minor_gate_pass
D:5:      layout_layer_cave, lemuel_temple_firewalk_a, serial_bayou_pond_e
Temple:   hellmonk_temple_divided_pantheon
Abyss:2:  base:
D:3

Skill      XL: |  1  2  3  4  5  6  7  8 |
---------------+-------------------------+-----
Long Blades    | 4 5 6 7 8 |  8.8
Fighting       | 3 4 5 6 |  6.1
Throwing       | |  1.7
Dodging        | |  2.6

Action                     |  1- 3 |  4- 6 |  7- 9 || total
---------------------------+-------+-------+-------++-------
  Melee: Long sword        |    71 |    37 |       ||   108
         Dagger            |    62 |    88 |   107 ||   257
         Short sword       |       |    60 |   114 ||   174
         Unarmed           |       |       |     2 ||     2
  Throw: Dart              |     2 |       |       ||     2
    Use: Scroll            |       |     4 |     1 ||     5
         Potion            |       |     1 |       ||     1
   Stab: Sleeping          |     1 |     1 |       ||     2
 Armour: Leather armour    |    18 |       |       ||    18
         Ring mail         |    22 |    62 |    81 ||   165
         Skin              |       |       |     8 ||     8
  Dodge: Dodged            |    48 |    55 |    92 ||   195

Table legend: (Time is in decaauts)
 A = Elapsed time spent in this place.
 B = Non-inter-level travel time spent in this place.
 C = Inter-level travel time spent in this place.
 D = Time resting spent in this place.
 E = Time spent auto-exploring this place.
 F = Levels seen in this place.
 G = Mean time per level.
                   A        B        C        D        E       F      G
               +--------+--------+--------+--------+--------+-----+--------+
         Total |   4200 |   4018 |    182 |     33 |   3154 |   7 |  600.0 |
       Dungeon |   4111 |   3929 |    182 |     33 |   3154 |   5 |  822.2 |
        Temple |      1 |      1 |      0 |      0 |      0 |   1 |    1.0 |
         Abyss |     87 |     87 |      0 |      0 |      0 |   1 |   87.0 |
               +--------+--------+--------+--------+--------+-----+--------+

Top non-repeatable levels by time:
     D:4: 1324 daAuts
     D:3: 899 daAuts
     D:1: 763 daAuts
     D:2: 720 daAuts
     D:5: 404 daAuts
 Abyss:2: 87 daAuts
  Temple: 1 daAuts
